 Dungeon Crawl Stone Soup version 0.29.1-14-g9c671dbff4 (webtiles) character file.

Game seed: 12428370441477423686

183 Heoruswealwe the Cudgeller (level 5, 0/53 HPs)
             Began as a Troll Berserker on Feb 15, 2023.
             Was a Believer of Trog.
             Slain by a hound (2 damage)
             ... on level 4 of the Dungeon.
             The game lasted 00:38:40 (3080 turns).

Heoruswealwe the Cudgeller (Troll Berserker)        Turns: 3080, Time: 00:38:41

Health: 0/53       AC:  4    Str: 28 (31) XL:     5   Next: 35%
Magic:  4/4        EV: 10    Int:  2 (3)  God:    Trog [**....]
Gold:   189        SH:  0    Dex:  8 (9)  Spells: 4/4 levels left

rFire   . . .      SeeInvis .   F - +0 morningstar
rCold   . . .      Faith    .   (no shield)
rNeg    . . .      Spirit   .   b - +0 animal skin
rPois   .          Reflect  .   (helmet restricted)
rElec   .          Harm     .   (no cloak)
rCorr   .          Rampage  .   (gloves unavailable)
Will    .....                   (boots unavailable)
Stlth   +.........              (no amulet)
HPRegen 0.97/turn               m - +4 ring of slaying
MPRegen 0.09/turn               o - +6 ring of strength

@: no status effects
A: large, unfitting armour, claws 3, regeneration 1, shaggy fur 1, tough skin 1,
beak, dopey 1
a: Renounce Religion, Berserk, Trog's Hand


You were on level 4 of the Dungeon.
You worshipped Trog.
Trog was pleased with you.
You visited 1 branch of the dungeon, and saw 4 of its levels.

You collected 189 gold pieces.

Inventory:

Hand Weapons
 F - a +0 morningstar (weapon)
Armour
 b - a +0 animal skin (worn)
Jewellery
 m - a +4 ring of slaying (left claw)
 o - a +6 ring of strength (right claw)
Scrolls
 a - a scroll of enchant armour {unknown}
Potions
 p - a potion of lignification
 J - a potion of curing


   Skills:
 * Level 3.0 Fighting
 * Level 3.5 Maces & Flails
 + Level 1.3 Throwing
 * Level 3.1 Dodging
 + Level 1.1 Unarmed Combat
 + Level 1.1 Invocations
 + Level 0.9 Evocations


You had 4 spell levels left.
You didn't know any spells.
Your spell library contained the following spells:

 Spells                   Type           Power      Damage    Failure   Level
 Blink                    Tloc           0%         N/A       69%         2
 Manifold Assault         Tloc           0%         N/A       100%        5
 Conjure Ball Lightning   Conj/Air       0%         3x3d6     100%        6
 Storm Form               Tmut/Air       0%         N/A       100%        7
 Discord                  Hex            0%         N/A       100%        8
 Disjunction              Tloc           0%         N/A       100%        8


Dungeon Overview and Level Annotations

Branches:
Dungeon (4/15)
 Temple: D:4-7

Altars:


Innate Abilities, Weirdness & Mutations

You are too large for most types of armour.
You have claws for hands.
Your natural rate of healing is unusually fast.
You are covered in fur. (AC +1)
You have tough skin. (AC +1)
You have a beak for a mouth.
You are dopey. (Int -2)


Message History

The orc priest is severely wounded.
The ufetubus misses you. The ufetubus closely misses you. The hound bites you.
The orc priest calls down the wrath of Beogh upon you.
Beogh smites you!
* * * LOW HITPOINT WARNING * * *
The ufetubus barely misses you.
The ufetubus hits you but does no damage.
The hound bites you.
* * * LOW HITPOINT WARNING * * *
You hit the orc priest.
The orc priest is almost dead.
The ufetubus misses you.
The ufetubus hits you but does no damage.
The hound closely misses you. The orc priest misses you.
The ufetubus barely misses you.
The ufetubus hits you but does no damage.
The hound closely misses you. The orc priest closely misses you.
The ufetubus hits you.
* * * LOW HITPOINT WARNING * * *
The ufetubus hits you but does no damage.
You closely miss the orc priest.
The orc priest is almost dead.
The hound bites you but does no damage. The ufetubus misses you.
The ufetubus hits you.
* * * LOW HITPOINT WARNING * * *
The hound bites you but does no damage. The orc priest barely misses you.
The ufetubus barely misses you.
The ufetubus hits you but does no damage.
The hound bites you.
* * * LOW HITPOINT WARNING * * *
You completely miss the orc priest.
The orc priest is almost dead.
The ufetubus hits you.
* * * LOW HITPOINT WARNING * * *
The ufetubus hits you.
* * * LOW HITPOINT WARNING * * *
A hobgoblin comes into view.
The orc priest looks encouraged for a moment.
The hound bites you.
You die...

#..# ### #..# ..# #..#
### #.### ##..###..
##... #.......# #...
#...##..# #..# .
#...##..# #.5####..g.
#.<.##..####..@oo...#
#.............)h......
#.........###.........
#.#.#.###.###.##......
#.#...# #.............
#.#.#.###.###.##......
....#.....# #.# .....
#.######.## #.# ....#
#.# #.# ..


You could see a hound, an orc priest, an orc, an ufetubus and a hobgoblin
(wandering).

Vanquished Creatures
  A phantom (D:3)
  An orc wizard (D:4)
  3 adders
  2 worms (D:2)
  A dart slug (D:2)
  8 ball pythons
  4 endoplasms
  A giant cockroach (D:3)
  3 goblins
  5 hobgoblins
  5 jackals (D:2)
  8 kobolds
  4 quokkas
  A bat (D:1)
  2 frilled lizards
  3 rats
52 creatures vanquished.

Notes
Turn   | Place    | Note
-------+----------+-------------------------------------------
     0 | D:1      | Heoruswealwe the Troll Berserker began the quest for the
                  | Orb.
     0 | D:1      | Reached XP level 1. HP: 22/22 MP: 0/0
    69 | D:1      | Found a faded altar of an unknown god.
   787 | D:1      | Reached XP level 2. HP: 29/29 MP: 1/1
  1189 | D:2      | Reached XP level 3. HP: 29/36 MP: 2/2
  1583 | D:2      | Reached ** piety under Trog
  1983 | D:2      | Gained mutation: You have a beak for a mouth. [potion of
                  | mutation]
  1983 | D:2      | Gained mutation: You are dopey. (Int -2) [potion of
                  | mutation]
  2315 | D:3      | Reached skill level 1 in Throwing
  2344 | D:3      | Reached XP level 4. HP: 44/44 MP: 3/3
  2380 | D:3      | Noticed a phantom
  2391 | D:3      | Killed a phantom
  2392 | D:3      | Reached skill level 1 in Unarmed Combat
  2392 | D:3      | Reached skill level 1 in Invocations
  2392 | D:3      | Reached XP level 5. HP: 46/53 MP: 4/4
  3080 | D:4      | HP: 2/53 [ufetubus (1)]
  3080 | D:4      | Slain by a hound

Illustrated notes

Levels and vault maps discovered:
D:1:      ncdulo_wetmaze, layout_basic, nicolae_ecumenical_lake_church
D:2:      minmay_general_purpose_star, layout_basic
D:3:      layout_loops_ring, kennysheep_generic_room_7
D:4:      layout_loops_ring, trog_three_pillars_becter, marbit_many_paths

Skill      XL: |  1  2  3  4 |
---------------+-------------+-----
Maces & Flails | 3 |  3.5
Throwing       | 1 |  1.3
Fighting       | 3 |  3.0
Dodging        | 3 |  3.1
Unarmed Combat | 1 |  1.1
Invocations    | 1 |  1.1
Evocations     | |  0.9

Action                   |  1- 3 |  4- 6 || total
-------------------------+-------+-------++-------
Melee: Mace              |    33 |       ||    33
       Spear             |    44 |       ||    44
       Morningstar       |     9 |    32 ||    41
       Peck              |     1 |     5 ||     6
  Use: Scroll            |     5 |     1 ||     6
       Potion            |     3 |     1 ||     4
 Stab: Sleeping          |     1 |       ||     1
Armor: Animal skin       |    27 |    24 ||    51
Dodge: Dodged            |    28 |    32 ||    60
